 Dungeon Crawl Stone Soup version 0.31.0-11-ge490571c62 (webtiles) character file.

Game seed: 7528102687882814300

43 sanka the Cudgeller (level 3, -2/49 HPs)
             Began as a Minotaur Fighter on Jan 26, 2024.
             Slain by Grinder (4 damage)
             ... on level 3 of the Dungeon.
             The game lasted 00:01:16 (855 turns).

sanka the Cudgeller (Minotaur Fighter)               Turns: 855, Time: 00:01:17

Health: -2/49      AC: 10    Str: 20    XL:     3   Next: 37%
Magic:  2/2        EV:  9    Int:  5    God:
Gold:   42         SH:  4    Dex: 11    Spells: 2/2 levels left

rFire   . . .        a - +0 flail
rCold   . . .        c - +0 buckler
rNeg    . . .        b - +0 scale mail
rPois   .            (helmet restricted)
rElec   .            (no cloak)
rCorr   .            (no gloves)
SInv    .            (no boots)
Will    .....        (no amulet) Stlth
                     g - +4 ring of protection
HPRegen 0.28/turn    (no ring)
MPRegen 0.08/turn

%: no passive effects
@: berserking, very quick
A: horns 2, retaliatory headbutt
a: no special abilities


You were on level 3 of the Dungeon.
You visited 1 branch of the dungeon, and saw 3 of its levels.

You collected 42 gold pieces.


Innate Abilities, Weirdness & Mutations

You have a pair of horns on your head.
You reflexively headbutt those who attack you in melee.


   Skills:
 - Level 4.0 Fighting
 + Level 4.4 Maces & Flails
 - Level 3.6 Armour
 - Level 3.6 Shields


You had 2 spell levels left.
You didn't know any spells.
Your spell library contained the following spells:

 Spells                   Type           Power      Damage    Failure   Level
 Jinxbite                 Hex            0%         N/A       95%         2
 Yara's Violent Unravell  Hex/Alch       0%         3d3       100%        5
 Enfeeble                 Hex            0%         N/A       100%        7

Inventory:

Hand Weapons
 a - a +0 flail (weapon)
Missiles
 l - a throwing net {=f}
Armour
 b - a +0 scale mail (worn)
 c - a +0 buckler (worn)
Jewellery
 g - a +4 ring of protection (left hand)
Scrolls
 e - a scroll of enchant weapon {unknown}
 f - 2 scrolls of blinking {unknown}
 h - a scroll of teleportation {unknown}
 i - a scroll of revelation {unknown}
 k - a scroll of noise {unknown}
Potions
 d - a potion of might

Dungeon Overview and Level Annotations

Branches:
Dungeon (3/15)

Altars:

Annotations:
D:3 Grinder

..▒▒..
...▒. ....
... .. ▒
.▒.▒▒..
▒▒▒5......
▒.H.......
▒.........
▒.........
▒▒▒▒▒▒▒▒▒▒


You could see Grinder.


Message History

You kill the adder!
You feel sick. The adder closely misses you.
Your Maces & Flails skill increases to level 4!
You have reached level 3!
Your experience leads to an increase in your attributes!
Increase (s)trength, (i)ntelligence, or (d)exterity?
You feel agile.
You feel agile.
Unknown command.
Unknown command.
You barely miss the adder.
You feel sick. The adder closely misses you. You furiously retaliate!
You headbutt the adder!
You kill the adder!
Unknown command.
There is a stone staircase leading up here.
You see here an adder corpse.
Unknown command.
You sock Grinder!
Grinder is lightly wounded.
You feel sick.
You are no longer poisoned.
Grinder hits you.
* * * LOW HITPOINT WARNING * * *
You writhe in agony.
You die...
Grinder says, "Hey, I wasn't done torturing you yet!"

Action                     || total
---------------------------++-------
  Melee: Flail             ||    43
         Headbutt          ||     6
    Use: Potion            ||     1
 Armour: Scale mail        ||    33
  Dodge: Dodged            ||    30
  Block: Buckler           ||     8

Levels and vault maps discovered:
D:1:      lightli_molten_gateway, layout_rooms, serial_corexii_hall,
          corexii_hall_statues_x, corexii_hall_statues_s,
          corexii_hall_statues_x, chequers_hall_statues_wall_a
D:2:      layout_basic, minmay_pentomino_r4, uniq_terence
D:3:      layout_rooms, fedhas_altar_3, gammafunk_temple_overflow_wave,
          uniq_sigmund, uniq_natasha, uniq_grinder

Notes
Turn   | Place    | Note
-------+----------+-------------------------------------------
     0 | D:1      | sanka the Minotaur Fighter began the quest for the Orb.
     0 | D:1      | Reached XP level 1. HP: 19/19 MP: 0/0
   140 | D:1      | Reached skill level 4 in Fighting
   224 | D:1      | Reached skill level 3 in Maces & Flails
   224 | D:1      | Reached XP level 2. HP: 27/27 MP: 1/1
   847 | D:3      | Noticed Grinder
   853 | D:3      | Reached skill level 4 in Maces & Flails
   853 | D:3      | Reached XP level 3. HP: 8/33 MP: 2/2
   855 | D:3      | HP: 2/49 [Grinder (4)]
   855 | D:3      | Slain by Grinder

Vanquished Creatures
  2 adders (D:3)
  A ribbon worm (D:2)
  A dart slug (D:2)
  A bat (D:1)
  An endoplasm (D:1)
  3 goblins
  2 hobgoblins (D:1)
  4 kobolds
  A ball python (D:2)
  2 frilled lizards
  2 rats (D:2)
20 creatures vanquished.
